Map: Incorporeal LE

Players

Solar

  • Race: Zerg Zerg
  • Spawn Location: 5:00

Classic - Winner!

  • Race: Protoss Protoss
  • Spawn Location: 11:00

Event: Esports World Cup 2025

VOD

Have the link to the VOD?

Description

Time

  • Played on: July 25, 2025, 8:45 a.m.
  • Length: 13:59

All games in this series

Show
View Real Time Build Order
Export as new Build Order

Solar Zerg 

Build Orders: Hatch First 

Get SALT Encoding   

  12  0:00  Drone  
  13  0:07  Drone  
  13  0:14  Drone, Extractor  
  15  0:21  Overlord  
  15  0:40  Drone  
  16  0:44  Hatchery  
  16  0:49  Drone  
  16  0:52  Drone  
  16  0:56  Drone  
  18  1:06  Extractor  
  17  1:11  Spawning Pool  
  17  1:15  Drone  
  17  1:18  Drone  
  18  1:26  Drone  
  19  1:37  Drone  
  20  1:49  Drone  
  21  1:58  Queen x2  
  21  1:59  Zergling x2  
  21  2:01  Overlord  
  26  2:09  Drone x2  
  26  2:15  Metabolic Boost  
  28  2:20  Zergling x2  
  28  2:21  Drone  
  30  2:33  Queen  
  32  2:42  Drone  
  33  2:46  Overlord  
  33  2:47  Drone  
  33  2:50  Hatchery  
  33  2:55  Drone x2  
  35  2:59  Drone  
  36  3:07  Drone x4  
  36  3:09  Drone  
  36  3:11  Overlord  
  41  3:14  Zergling x2  
  41  3:16  Drone  
  41  3:17  Drone  
  44  3:25  Spore Crawler  
  44  3:27  Zergling x2  
  44  3:29  Queen  
  44  3:31  Drone  
  44  3:32  Drone  
  48  3:37  Overlord  
  48  3:40  Queen  
  50  3:42  Drone  
  50  3:46  Drone  
  50  3:47  Spore Crawler  
  51  3:49  Overlord  
  51  3:53  Drone  
  51  3:55  Drone x2  
  54  4:03  Queen  
  54  4:04  Drone x2  
  54  4:05  Drone  
  58  4:12  Drone x4  
  62  4:18  Spore Crawler  
  62  4:20  Zergling x4  
  62  4:22  Overlord  
  62  4:23  Drone  
  63  4:27  Drone  
  63  4:28  Drone  
  65  4:32  Lair  
  65  4:40  Drone, Hatchery  
  65  4:42  Extractor  
  65  4:45  Roach Warren  
  63  4:49  Drone x5  
  63  4:52  Overlord  
  68  4:53  Drone  
  68  4:54  Drone  
  68  4:55  Drone  
  68  4:57  Extractor  
  70  5:00  Zergling x6  
  70  5:02  Overlord  
  70  5:04  Drone  
  73  5:08  Drone  
  73  5:13  Drone  
  73  5:14  Overlord x2  
  72  5:15  Pneumatized Carapace  
  72  5:19  Zergling x2, Extractor  
  72  5:23  Zergling x4  
  72  5:24  Roach  
  72  5:25  Roach x3  
  72  5:27  Roach  
  84  5:29  Roach  
  84  5:30  Roach  
  84  5:33  Roach  
  90  5:36  Zergling x6  
  90  5:41  Overlord  
  93  5:43  Roach  
  93  5:48  Roach x3  
  93  5:49  Zergling x8  
  103  5:52  Zergling x2  
  98  5:58  Zergling x8  
  98  6:04  Roach x3  
  101  6:11  Roach x2  
  101  6:15  Zergling x4  
  99  6:21  Roach x2  
  101  6:26  Zergling x6  
  101  6:29  Ravager  
  101  6:31  Overlord  
  105  6:34  Zergling x2  
  105  6:37  Ravager  
  107  6:41  Zergling x6  
  107  6:43  Ravager  
  107  6:45  Overlord  
  111  6:48  Zergling x8  
  111  6:52  Ravager  
  111  6:53  Zergling x8  
  118  6:57  Overlord  
  118  6:58  Zergling x4  
  118  6:59  Ravager  
  118  7:03  Zergling x2  
  118  7:07  Overlord, Ravager  
  114  7:08  Zergling x4  
  114  7:11  Zergling x2  
  115  7:16  Zergling x8  
  115  7:21  Drone  
  115  7:22  Drone x2  
  121  7:25  Drone x2  
  121  7:28  Glial Reconstitution  
  115  7:38  Drone x5  
  115  7:40  Drone  
  115  7:42  Drone x2  
  119  7:44  Drone  
  119  7:47  Evolution Chamber  
  119  7:48  Drone  
  120  7:54  Roach x2  
  123  8:01  Roach  
  123  8:02  Roach x3  
  126  8:06  Drone x4  
  126  8:07  Drone  
  126  8:10  Extractor  
  130  8:14  Drone x5  
  130  8:17  Drone  
  130  8:19  Overlord  
  136  8:21  Overlord  
  136  8:25  Zergling x2, Roach x2  
  141  8:28  Ravager x4  
  141  8:29  Ravager x3  
  141  8:32  Ravager x2  
  147  8:36  Roach x2  
  147  8:41  Overseer  
  150  8:43  Overlord x2  
  150  8:44  Roach x2  
  150  8:47  Roach  
  150  8:48  Zergling x8, Extractor  
  159  8:55  Roach x4  
  167  8:56  Zergling x2  
  167  9:00  Overlord x2  
  167  9:02  Roach  
  170  9:05  Roach x2  
  174  9:11  Ravager, Roach x4  
  174  9:14  Overlord  
  174  9:16  Zergling x2  
  184  9:17  Overlord  
  184  9:19  Overlord  
  184  9:25  Roach x5  
  184  9:31  Roach x2  
  193  9:35  Roach x2  
  187  9:42  Ravager x2  
  187  9:44  Zergling x12  
  193  9:47  Zergling x6  
  193  9:50  Zergling x6  
  199  10:07  Roach  
  198  10:17  Roach x4  
  198  10:21  Roach x2  
  184  10:26  Roach x11  
  184  10:28  Zergling x4  
  168  10:37  Roach x2  
  168  10:38  Roach x2  
  168  10:42  Zergling x4, Roach x2  
  174  10:46  Zergling x6  
  165  10:52  Roach  
  165  10:53  Roach x2  
  165  10:56  Roach  
  164  10:59  Roach  
  164  11:02  Roach x2  
  162  11:07  Zergling x8  
  162  11:09  Ravager  
  162  11:11  Zergling x2  
  165  11:13  Zergling x2, Ravager  
  165  11:16  Queen  
  165  11:17  Zergling x2  
  170  11:21  Ravager  
  170  11:23  Zergling x6  
  174  11:27  Zergling x2  
  174  11:28  Drone  
  174  11:29  Ravager  
  177  11:33  Drone  
  177  11:34  Drone x3  
  177  11:35  Drone x3  
  177  11:36  Zerg Missile Weapons Level 1  
  177  11:38  Drone  
  185  11:40  Baneling Nest  
  185  11:42  Drone x2  
  185  11:43  Drone  
  185  11:45  Drone  
  185  11:46  Drone  
  189  11:54  Zergling x6  
  189  11:55  Zergling x2  
  189  12:00  Zergling x2  
  189  12:01  Zergling x2  
  194  12:08  Overseer, Hatchery  
  193  12:09  Drone  
  193  12:11  Drone x2  
  193  12:13  Zergling x6  
  199  12:16  Zergling x2  
  198  12:25  Centrifugal Hooks  
  198  12:29  Zergling x2  
  200  12:30  Zergling x6  
  199  12:40  Zergling x4  
  200  12:44  Zergling x2  
  200  12:48  Roach  
  200  12:49  Roach  
  200  12:50  Zergling x2  
  198  12:52  Zergling x2  
  198  12:53  Zergling x2  
  198  12:57  Drone  
  198  13:02  Drone x2  
  198  13:03  Drone  
  198  13:04  Drone  
  190  13:05  Zergling x10  
  190  13:06  Zergling x10  
  190  13:09  Drone  
  200  13:13  Baneling x3  
  200  13:15  Drone  
  200  13:17  Drone  
  194  13:23  Zergling x20  
  194  13:26  Ravager x3  
  194  13:27  Ravager  
  194  13:29  Drone x2  
  194  13:31  Baneling x7  
  192  13:39  Roach x2  
Show
View Real Time Build Order
Export as new Build Order

Classic Protoss - Winner!

Build Orders: 1 Gate Expand, Oracle Opening 

Get SALT Encoding   

  12  0:00  Probe  
  13  0:12  Probe  
  14  0:17  Pylon  
  14  0:24  Probe  
  15  0:34  Probe  
  15  0:35  Gateway  
  15  0:42  Probe  
  16  0:47  Assimilator  
  17  0:52  Probe  
  18  1:04  Probe  
  18  1:09  Pylon  
  19  1:16  Probe  
  19  1:17  Pylon  
  20  1:28  Nexus  
  20  1:37  Cybernetics Core  
  20  1:39  Probe  
  21  1:46  Assimilator  
  21  1:51  Probe  
  22  1:54  Pylon  
  22  2:03  Probe  
  22  2:04  Adept  
  25  2:16  Probe  
  25  2:22  Stargate  
  26  2:28  Probe  
  27  2:34  Adept  
  27  2:36  Warp Gate  
  29  2:39  Probe x2  
  29  2:44  Pylon  
  31  2:47  Probe x2  
  32  2:55  Probe x2  
  33  3:05  Oracle  
  38  3:06  Probe  
  38  3:07  Probe  
  38  3:11  Pylon  
  40  3:18  Probe  
  40  3:19  Probe  
  42  3:25  Gateway  
  42  3:29  Twilight Council  
  42  3:30  Probe  
  43  3:34  Probe  
  43  3:40  Oracle  
  44  3:45  Probe  
  44  3:46  Probe  
  46  3:51  Resonating Glaives  
  49  3:57  Nexus  
  49  3:58  Pylon  
  49  4:03  Gateway  
  49  4:13  Gateway  
  49  4:15  Probe x2  
  51  4:21  Assimilator  
  51  4:22  Assimilator  
  51  4:24  Adept  
  51  4:26  Adept  
  51  4:28  Probe  
  51  4:30  Probe  
  57  4:33  Pylon  
  57  4:41  Probe  
  57  4:42  Probe  
  57  4:45  Stalker  
  61  4:52  Adept  
  63  4:54  Pylon  
  63  4:55  Probe x2  
  63  4:58  Adept  
  67  5:12  Adept  
  67  5:13  Adept x2  
  73  5:14  Probe x3  
  73  5:19  Adept  
  78  5:21  Robotics Facility  
  78  5:26  Probe x3  
  81  5:35  Adept x3  
  85  5:38  Pylon  
  87  5:43  Probe  
  87  5:44  Probe x2  
  90  5:56  Probe  
  90  5:57  Probe x2  
  84  5:58  Sentry x4  
  84  6:03  Gateway  
  90  6:05  Gateway  
  90  6:07  Gateway  
  90  6:10  Immortal  
  86  6:14  Gateway  
  86  6:15  Gateway  
  86  6:17  Pylon  
  78  6:20  Shield Battery  
  78  6:22  Shield Battery  
  78  6:26  Shield Battery  
  78  6:27  Sentry x2  
  78  6:31  Sentry, Adept  
  86  6:35  Pylon  
  86  6:38  Immortal  
  86  6:41  Pylon  
  86  6:42  Probe x2  
  88  6:52  Adept x3  
  98  6:56  Adept  
  98  6:59  Adept  
  102  7:02  Adept x2  
  106  7:09  Sentry  
  106  7:10  Immortal  
  108  7:16  Adept x3  
  108  7:19  Adept  
  120  7:23  Assimilator  
  120  7:25  Adept x2  
  121  7:37  Adept x2  
  121  7:42  Pylon  
  121  7:43  Pylon  
  123  7:46  Pylon  
  123  7:48  Pylon, Assimilator  
  123  7:49  Observer, Pylon  
  124  7:57  Blink, Warp Prism  
  119  8:05  Probe x3  
  123  8:15  Adept x2  
  123  8:16  Adept x7  
  123  8:17  Probe  
  123  8:18  Probe x2  
  144  8:26  Nexus  
  139  8:38  Forge  
  139  8:42  Immortal  
  139  8:45  Stalker x4  
  151  8:58  Protoss Ground Weapons Level 1  
  151  9:04  Pylon  
  151  9:05  Pylon  
  151  9:08  Adept x3  
  151  9:09  Adept x2  
  161  9:12  Immortal  
  165  9:30  Stalker x4  
  163  9:45  Immortal, Adept x2  
  151  9:46  Templar Archives  
  151  9:47  Stalker x3  
  159  10:01  Adept x3  
  165  10:17  Stalker x5  
  165  10:18  Sentry  
  167  10:23  Stalker x2  
  163  10:33  Psionic Storm, Stalker  
  153  10:40  Warp Prism  
  133  10:53  Protoss Ground Weapons Level 2  
  133  10:55  Probe x3  
  124  11:07  High Templar x4  
  124  11:08  Stalker x4  
  140  11:22  Immortal  
  144  11:36  Stalker x4  
  148  11:44  Stalker x2  
  152  11:48  Pylon  
  152  11:49  Pylon  
  152  11:55  Observer  
  152  11:58  Stalker  
  152  11:59  Gateway  
  155  12:07  High Templar  
  157  12:08  High Templar  
  159  12:16  Adept x5  
  159  12:21  Nexus  
  159  12:22  Pylon, Warp Prism  
  165  12:44  Stalker x6  
  165  12:45  Stalker  
  177  12:53  Stalker  
  177  12:56  Photon Cannon  
  175  12:58  Shield Battery  
  175  13:09  Stalker x4  
  183  13:12  Shield Battery  
  182  13:29  Probe x3  
  172  13:48  Stalker x5  
  172  13:49  Stalker x2  
Tags
 
Add a new tag
Caveats
  • Supply blocks, unpowered buildings, or Contaminate may cause inaccurate times.
  • Supply counts are checked every 10 seconds.